 Dungeon Crawl Stone Soup version 0.29-a0-542-g075992c915 (webtiles) character file.

Game seed: 17801933679101188304

10665 xSliceyx the Fighter (level 11, -27/87 HPs)
             Began as a Djinni Hedge Wizard on June 4, 2022.
             Was a Priest of Makhleb.
             Hit by a large rock thrown by a cyclops (33 damage)
             ... on level 11 of the Dungeon.
             The game lasted 01:15:39 (18156 turns).

xSliceyx the Fighter (Djinni Hedge Wizard)         Turns: 18156, Time: 01:15:39

Health: -27/87     AC:  7    Str:  9    XL:     11   Next: 97%
Gold:   553        EV: 15    Int: 30    God:    Makhleb [***...] SH: 10 Dex: 13

rFire   + + .      SeeInvis .   b - staff of poison
rCold   x . .      Faith    .   d - +0 buckler
rNeg    . . .      Spirit   .   a - +2 animal skin
rPois   ∞          Reflect  +   K - +2 hat
rElec   .          Harm     .   (no cloak)
rCorr   .          Rampage  .   j - +0 pair of gloves
Will    +....                   (boots unavailable)
Stlth   ++........              u - amulet "Empeunke" {Reflect Int+4 SH+5}
HPRegen 0.24/turn               w - +6 ring of intelligence
MPRegen 0.00/turn               (no ring)

@: flying
A: sickness immunity, fire resistance 2, cold vulnerability 1, float, innate
caster, HP casting, extra vitality 1
a: Renounce Religion, Minor Destruction, Lesser Servant of Makhleb


You were on level 11 of the Dungeon.
You worshipped Makhleb.
Makhleb was most pleased with you.
You visited 2 branches of the dungeon, and saw 12 of its levels.

You collected 649 gold pieces.
You spent 96 gold pieces at shops.

Inventory:

Hand Weapons
 r - a +3 dagger of venom
Missiles
 B - 18 poisoned darts
 F - 5 silver boomerangs
 M - a curare-tipped dart
Armour
 a - a +2 animal skin (worn)
 d - a +0 buckler (worn)
 j - a +0 pair of gloves (worn)
 I - a +0 troll leather armour
 K - a +2 hat (worn)
Magical Staves
 b - a staff of poison (weapon)
Jewellery
 u - the amulet "Empeunke" (around neck) {Reflect Int+4 SH+5}
   (You found it on level 4 of the Dungeon)

   [amulet of reflection]

   It reflects blocked missile attacks.
   Int:       It affects your intelligence (+4).
   SH:        It affects your SH (+5).
 w - a +6 ring of intelligence (left hand)
Wands
 c - a wand of charming (10)
 z - a wand of polymorph (14)
 D - a wand of iceblast (8)
 G - a wand of paralysis (9)
Scrolls
 e - 2 scrolls of magic mapping {unknown}
 f - a scroll of teleportation
 g - a scroll of enchant armour {unknown}
 h - 12 scrolls of identify
 i - 3 scrolls of vulnerability {unknown}
 k - a scroll of enchant weapon {unknown}
 l - 5 scrolls of amnesia
 m - 4 scrolls of fear {unknown}
 o - 3 scrolls of fog {unknown}
 s - 2 scrolls of poison {unknown}
 v - a scroll of noise {unknown}
 y - 2 scrolls of silence {unknown}
 C - 3 scrolls of blinking {unknown}
Potions
 n - a potion of attraction {unknown}
 p - 2 potions of cancellation
 q - 2 potions of berserk rage
 t - 2 potions of curing
 x - a potion of lignification {unknown}
 A - a potion of resistance
 E - a potion of heal wounds
 H - 2 potions of invisibility {unknown}
 J - a potion of might {unknown}
 L - a potion of degeneration {unknown}


   Skills:
 + Level 11.1 Fighting
 - Level 9.1 Dodging
 - Level 1.5 Stealth
 - Level 4.0 Shields
 - Level 9.0 Spellcasting


You had 2 spell levels left.
You knew the following spells:

 Your Spells              Type           Power      Damage    Failure   Level
a - Magic Dart            Conj           100%       1d8       1%          1
b - Blink                 Tloc           100%       N/A       1%          2
c - Call Imp              Summ           61%        N/A       1%          2
d - Slow                  Hex            100%       N/A       1%          1
e - Conjure Flame         Conj/Fire      61%        6-21      1%          3
f - Mephitic Cloud        Conj/Pois/Air  79%        N/A       1%          3
g - Foxfire               Conj/Fire      100%       2x1d9     1%          1
h - Ensorcelled Hibernat  Hex/Ice        100%       N/A       1%          2
i - Swiftness             Air            61%        N/A       1%          3
j - Dispel Undead         Necr           61%        3d21      1%          4
k - Sticky Flame          Conj/Fire      61%        2d8       1%          4
Your spell library was empty.

Dungeon Overview and Level Annotations

Branches:
Dungeon (11/15)            Temple (1/1) D:5            Lair (0/6) D:10
    Orc: D:9-12

Altars:
Ashenzari
Cheibriados
Dithmenos
Elyvilon
Fedhas
Gozag
Hepliaklqana
Kikubaaqudgha
Makhleb
Nemelex Xobeh
Okawaru
Qazlal
Ru
Sif Muna
Trog
Uskayaw
Vehumet
Wu Jian
Xom
Yredelemnul
Zin
The Shining One

Shops:
D:1 =   D:7 *

Annotations:
D:5 3 runed translucent doors, MechDurjaeses's ghost, novice GnFi


Innate Abilities, Weirdness & Mutations

You are immune to sickness and miasma.
You are immune to poison.
Your flesh is very heat resistant. (rF++)
You are vulnerable to cold. (rC-)
You float through the air rather than walking.
You learn spells naturally, not from books.
Your magical power is your life essence.
You have superior vitality. (+4 MHP)


Message History

Aiming: Magic Dart (safe; 1% risk of failure)
Press: ? - help, Shift-Dir - straight line, f/p - orc
Aim: an orc, wielding a +0 mace and wearing a +0 scale mail (almost dead, 100% to hit)
The magic dart hits the orc.
You kill the orc!
Makhleb accepts your kill.
You feel better.
* * * LOW HITPOINT WARNING * * *
The gargoyle hurls a stone arrow at you.
The stone arrow hits you!
* * * LOW HITPOINT WARNING * * *
You feel better.
Casting: Magic Dart (safe; 1% risk of failure)
Confirm with . or Enter, or press ? or * to list all spells.
You blink.
* * * LOW HITPOINT WARNING * * *
Casting: Blink (safe; 1% risk of failure)
Confirm with . or Enter, or press ? or * to list all spells.
Aiming: Dispel Undead (mildly dangerous; 1% risk of failure)
Press: ? - help, Shift-Dir - straight line, f - wraith
Aim: a wraith (100% to hit)
The wraith is dispelled!!!
You destroy the wraith!
Makhleb accepts your kill.
You feel better.
* * * LOW HITPOINT WARNING * * *
As you read the scroll of teleportation, it crumbles to dust.
You feel strangely unstable.
Unknown command.
Your surroundings suddenly seem different.
The cyclops shouts!
A troll comes into view.
Casting: Dispel Undead (mildly dangerous; 1% risk of failure)
Confirm with . or Enter, or press ? or * to list all spells.
You blink.
* * * LOW HITPOINT WARNING * * *
The cyclops throws a large rock.
The large rock hits you!
* * * LOW HITPOINT WARNING * * *
The cyclops throws a large rock.
The large rock hits you!!
You die...

♣≈≈≈.≈≈≈≈≈♣ #.# #♣♣♣♣≈≈≈.≈≈≈≈≈♣
#..# # #≈≈≈≈≈≈≈.≈≈≈≈♣♣♣..# #
#♣≈≈≈≈≈≈.≈≈≈≈♣♣...# #
≈≈≈≈≈≈≈≈C≈≈≈♣♣....# ##
≈≈≈≈≈≈≈≈.≈≈≈≈.....# #.
≈≈P)≈≈≈≈.≈≈♣.....## #.
##≈))≈≈≈≈.♣≈.#...## ####.
.T.≈≈≈≈≈...#####@# #####....
<.######..(#####.########.....##≈
.## #.###.oo.......(...#####♣P ##
#.###o###.##########....(≈
#######..>oo# #.............#♣≈≈
#..VTW..##### #####.........#♣≈≈
...####### #.####....#♣≈≈
#<....≈≈≈ #....♣≈≈≈


You could see a cyclops.

Vanquished Creatures
  A two-headed ogre (D:10)
  2 cyclopes
  A mana viper (shapeshifter) (D:9)
  An elephant (D:10)
  4 trolls
  Grinder (D:3)
  2 shadows (D:11)
  2 vampires
  A human (D:9)
  2 wyverns
  10 yaks
  4 wraiths
  3 vampire mosquitoes (D:11)
  A water moccasin (D:8)
  2 ice beasts
  2 orc warriors
  3 black bears
  A sky beast (D:6)
  A centaur (D:8)
  5 ogres
  2 kobold brigands
  A necrophage (D:6)
  A bullfrog (D:8)
  3 scorpions
  12 wights
  11 killer bees
  8 howler monkeys
  4 electric eels (D:11)
  An orc priest (D:7)
  3 hounds
  A jelly (D:6)
  Jessica (D:3)
  3 iguanas
  4 orc wizards
  6 adders
  8 gnolls
  A shadow imp (D:5)
  A white imp (D:8)
  An ufetubus (D:5)
  A worm (D:2)
  A dart slug (D:2)
  29 orcs
  5 endoplasms
  3 giant cockroaches
  13 goblins
  3 hobgoblins
  5 jackals
  3 quokkas
  2 ball pythons
  4 bats
  2 frilled lizards (D:1)
  14 kobolds
  3 rats
209 creatures vanquished.

Vanquished Creatures (collateral kills)
  2 killer bees
  A howler monkey (D:8)
  An orc priest (D:6)
  Robin (D:2)
  A frilled lizard (D:2)
  7 foxfires (D:11)
13 creatures vanquished.

Vanquished Creatures (others)
  266 foxfires
  54 plants (D:11)
320 creatures vanquished.

Grand Total: 542 creatures vanquished

Notes
Turn   | Place    | Note
-------+----------+-------------------------------------------
     0 | D:1      | xSliceyx the Djinni Hedge Wizard began the quest for the
                  | Orb.
     0 | D:1      | Reached XP level 1. HP: 15/15 MP: 0/0
   191 | D:1      | Found a faded altar of an unknown god.
   340 | D:1      | Reached XP level 2. HP: 21/21 MP: 0/0
   910 | D:1      | Found Iceimn's Jewellery Boutique.
  1200 | D:2      | Reached XP level 3. HP: 19/25 MP: 0/0
  1200 | D:2      | Learned a level 1 spell: Foxfire
  1703 | D:2      | Noticed Robin
  1972 | D:2      | Killed Robin
  1973 | D:2      | Reached XP level 4. HP: 11/31 MP: 0/0
  2776 | D:3      | Noticed Jessica
  2793 | D:3      | Killed Jessica
  2794 | D:3      | Reached XP level 5. HP: 9/35 MP: 0/0
  2794 | D:3      | Learned a level 2 spell: Ensorcelled Hibernation
  3250 | D:3      | Noticed Grinder
  3260 | D:3      | Paralysed by Grinder for 3 turns
  3265 | D:3      | Killed Grinder
  3266 | D:3      | Reached skill level 5 in Spellcasting
  3266 | D:3      | Reached XP level 6. HP: 13/40 MP: 0/0
  3640 | D:4      | Reached XP level 7. HP: 35/45 MP: 0/0
  3640 | D:4      | Learned a level 3 spell: Swiftness
  3876 | D:4      | Identified the amulet "Empeunke" {Reflect Int+4 SH+5}
  4966 | D:5      | Entered Level 5 of the Dungeon
  5188 | D:5      | Found a staircase to the Ecumenical Temple.
  5202 | D:5      | Reached XP level 8. HP: 46/50 MP: 0/0
  5214 | Temple   | Entered the Ecumenical Temple
  5385 | Temple   | Became a worshipper of Makhleb the Destroyer
  5589 | D:5      | Found a runed translucent gate.
  5589 | D:5      | Found a runed translucent gate.
  5591 | D:5      | Found a runed translucent gate.
  5591 | D:5      | Found an opulent altar of Gozag.
  5592 | D:5      | Noticed MechDurjaeses's ghost (novice GnFi)
  5919 | D:5      | Reached skill level 1 in Fighting
  6057 | D:5      | Reached skill level 2 in Fighting
  6213 | D:5      | Found a white marble altar of Elyvilon.
  6352 | D:5      | Found a shimmering altar of Xom.
  7117 | D:6      | Reached skill level 3 in Fighting
  7409 | D:6      | Reached skill level 4 in Fighting
  7699 | D:6      | Reached skill level 5 in Fighting
  8125 | D:6      | Found a hide-covered altar of Uskayaw.
  8229 | D:6      | Reached XP level 9. HP: 65/66 MP: 0/0
  8229 | D:6      | Learned a level 4 spell: Dispel Undead
  8238 | D:6      | Reached * piety under Makhleb
  8310 | D:6      | Reached skill level 6 in Fighting
  8417 | D:6      | Found a basalt altar of Yredelemnul.
  8452 | D:6      | Reached skill level 1 in Shields
  9894 | D:7      | Found Wefig's Hallowed Reliquary.
  9896 | D:7      | Noticed an angel
  9899 | D:7      | Bought a potion of curing for 36 gold pieces
  9899 | D:7      | Bought a potion of heal wounds for 60 gold pieces
 10837 | D:8      | Found a snail-covered altar of Cheibriados.
 11496 | D:8      | Reached XP level 10. HP: 62/72 MP: 0/0
 11776 | D:8      | You are sucked into a shaft and drop 2 floors!
 11776 | D:10     | Entered Level 10 of the Dungeon
 12113 | D:10     | Found a staircase to the Lair.
 12113 | D:10     | Noticed an elephant
 12127 | D:10     | Noticed a gargoyle
 12482 | D:8      | Reached skill level 5 in Dodging
 13693 | D:9      | Reached ** piety under Makhleb
 13912 | D:9      | Noticed a cyclops
 13912 | D:9      | Noticed a salamander
 13913 | D:9      | Noticed a death knight
 13913 | D:9      | Noticed a yaktaur
 13913 | D:9      | a salamander changed into a yaktaur
 13914 | D:9      | Noticed a mana viper
 13914 | D:9      | a yaktaur changed into a mana viper
 13932 | D:9      | Killed a mana viper
 14031 | D:9      | Found an iron altar of Okawaru.
 14603 | D:9      | Reached XP level 11. HP: 57/76 MP: 0/0
 14603 | D:9      | Learned a level 4 spell: Sticky Flame
 14700 | D:9      | Killed a cyclops
 15151 | D:9      | Reached skill level 7 in Fighting
 16070 | D:10     | Noticed a two-headed ogre
 16088 | D:10     | Killed a two-headed ogre
 16089 | D:10     | Reached skill level 8 in Fighting
 16090 | D:10     | Killed an elephant
 16094 | D:10     | Reached skill level 9 in Fighting
 16296 | D:10     | Identified the +0 cloak of the Pits of Slime {Fly Int-5
                  | Dex-4 SInv}
 16630 | D:11     | Noticed a cyclops
 16644 | D:11     | Killed a cyclops
 16935 | D:11     | Reached skill level 10 in Fighting
 18026 | D:11     | Noticed a cyclops
 18083 | D:11     | Reached skill level 11 in Fighting
 18129 | D:11     | Reached *** piety under Makhleb
 18156 | D:11     | Hit by a large rock thrown by a cyclops

Illustrated notes

Levels and vault maps discovered:
D:1:      lightli_iron_boxes, layout_loops_ring,
          shapermc_ecumenical_altar_mp_highgroup, serial_shops,
          nicolae_shop_competitors_out_of_business
D:2:      layout_loops_ring, hangedman_feature_mirror, serial_bayou_pond_d,
          uniq_robin
D:3:      layout_rooms, chequers_arboretum, kennysheep_big_empty_room,
          uniq_grinder, uniq_jessica
D:4:      layout_basic, serial_co_window_serial, co_window_of_opportunity_a,
          co_window_corner_a, co_window_corner_a, co_window_corner_a,
          co_window_of_opportunity_a, co_window_paths_c, co_window_broadway_b,
          co_window_2corner, co_window_broadway_a, co_window_broadway_a,
          co_window_corner_ca, co_window_paths_c, co_window_paths_e,
          glass_columns_b, minivault_4
D:5:      layout_basic, mainiacjoe_overflow_tiny_flanked,
          overflow_temple_1_default, minmay_temple_entry_water_ring,
          ebering_ghost_gozag, grunt_ministairs_12
D:6:      layout_loops_ring, marbit_many_paths, mainiacjoe_overflow_alcove_2
D:7:      layout_basic, nicolae_good_shop
D:8:      layout_basic, mainiacjoe_overflow_surrounded_room
D:9:      minmay_bloctagon_deflated, layout_loops_cross, okawaru_humans
D:10:     layout_rooms, david_lair_generic
D:11:     layout_rooms, hiddenorc1_lemuel, serial_bayou, serial_bayou_ford_a,
          serial_bayou_lagoon_b, serial_bayou_pond_c, serial_bayou_shore_a
Temple:   eino_temple_rhombus

Skill      XL: |  1  2  3  4  5  6  7  8  9 10 11 |
---------------+----------------------------------+-----
Spellcasting   | 3 4 5 6 7 8 9 |  9.0
Fighting       | 5 6 11 | 11.1
Shields        | 4 |  4.0
Dodging        | 9 |  9.1
Stealth        | |  1.5

Action                   |  1- 3 |  4- 6 |  7- 9 | 10-12 || total
-------------------------+-------+-------+-------+-------++-------
Melee: Dagger            |     3 |     4 |    15 |       ||    22
       Staff             |       |       |       |     2 ||     2
 Cast: Magic Dart        |    69 |    32 |   267 |   410 ||   778
       Foxfire           |     4 |     8 |    67 |    75 ||   154
       Call Imp          |     2 |     1 |    13 |     6 ||    22
       Slow              |     1 |     2 |    20 |    46 ||    69
       Blink             |     1 |     1 |       |    12 ||    14
       Conjure Flame     |     1 |     1 |    27 |    45 ||    74
       Mephitic Cloud    |       |       |    20 |    10 ||    30
       Ensorcelled Hiber |       |       |     3 |     1 ||     4
       Dispel Undead     |       |       |     1 |     6 ||     7
       Swiftness         |       |       |     1 |       ||     1
       Sticky Flame      |       |       |       |     8 ||     8
  Use: Scroll            |       |       |       |     6 ||     6
       Potion            |       |       |       |     3 ||     3
Armor: Robe              |    10 |       |       |       ||    10
       Animal skin       |       |       |    20 |    14 ||    34
Dodge: Dodged            |     8 |     3 |    41 |    79 ||   131
Block: Other             |       |       |     9 |       ||     9
       Buckler           |       |       |     6 |    61 ||    67
       Reflection        |       |       |     2 |     8 ||    10

Table legend: (Time is in decaauts)
 A = Elapsed time spent in this place.
 B = Non-inter-level travel time spent in this place.
 C = Inter-level travel time spent in this place.
 D = Time resting spent in this place.
 E = Time spent auto-exploring this place.
 F = Levels seen in this place.
 G = Mean time per level.
                   A        B        C        D        E       F      G
               +--------+--------+--------+--------+--------+-----+--------+
         Total |  18156 |  16705 |   1451 |   7293 |   6567 |  12 | 1513.0 |
       Dungeon |  17978 |  16547 |   1431 |   7293 |   6439 |  11 | 1634.4 |
        Temple |    177 |    157 |     20 |      0 |    128 |   1 |  177.0 |
               +--------+--------+--------+--------+--------+-----+--------+

Top non-repeatable levels by time:
     D:8: 2257 daAuts
     D:9: 2089 daAuts
     D:5: 1947 daAuts
     D:6: 1941 daAuts
     D:7: 1882 daAuts
    D:11: 1559 daAuts
     D:4: 1336 daAuts
    D:10: 1335 daAuts
     D:2: 1306 daAuts
     D:1: 1287 daAuts
     D:3: 1034 daAuts
  Temple: 177 daAuts
